 Dungeon Crawl Stone Soup version 0.28-a0-413-gde365fb1df (webtiles) character file.

Game seed: 664919063659520746

585 heikuro the Shield-Bearer (level 7, 0/48 (55) HPs)
             Began as a Formicid Fighter on Sept 8, 2021.
             Was a Follower of Makhleb.
             Slain by a wight (3 damage)
             ... on level 4 of the Dungeon.
             The game lasted 00:05:47 (5136 turns).

heikuro the Shield-Bearer (Formicid Fighter)        Turns: 5136, Time: 00:05:48

HP:   0/48 (55)     AC:  8    Str: 23    XL:     7   Next: 64%
MP:   8/8           EV:  9    Int:  7    God:    Makhleb [*.....]
Gold: 112           SH:  5    Dex: 10    Spells: 6/6 levels left

rFire   . . .      SeeInvis +   a - +0 long sword
rCold   . . .      Faith    .   c - +0 buckler
rNeg    . . .      Spirit   .   b - +0 scale mail
rPois   .          Reflect  .   (helmet unavailable)
rElec   .          Harm     .   o - +0 cloak
rCorr   .          Rampage  .   (no gloves)
Will    .....                   (no boots)
Stlth   ..........              (no amulet)
HPRegen 0.16/turn               (no ring)
MPRegen 0.11/turn               (no ring)

@: heavily drained
A: permanent stasis, dig shafts and tunnels, antennae 3, four strong arms
a: Dig, Shaft Self, Renounce Religion


You were on level 4 of the Dungeon.
You worshipped Makhleb.
Makhleb was aware of your devotion.
You visited 1 branch of the dungeon, and saw 4 of its levels.

You collected 112 gold pieces.

Inventory:

Hand Weapons
 a - a +0 long sword (weapon)
Armour
 b - a +0 scale mail (worn)
 c - a +0 buckler (worn)
 o - a +0 cloak (worn)
Wands
 p - a wand of acid (7)
 q - a wand of flame (6)
Scrolls
 e - 3 scrolls of teleportation {unknown}
 f - a scroll of immolation {unknown}
 h - a scroll of enchant armour {unknown}
 i - 2 scrolls of amnesia {unknown}
 k - a scroll of identify {unknown}
 n - a scroll of magic mapping {unknown}
Potions
 g - a potion of cancellation {unknown}
 j - a potion of lignification {unknown}
 l - a potion of flight {unknown}
 m - a potion of heal wounds {unknown}
 r - a potion of attraction {unknown}
Miscellaneous
 d - a lightning rod (4/4)


   Skills:
 + Level 4.9 Fighting
 * Level 5.1 Long Blades
 + Level 4.9 Armour
 + Level 5.4 Shields
 + Level 1.3 Invocations


You had 6 spell levels left.
You didn't know any spells.
Your spell library contained the following spells:

 Spells                   Type           Power      Damage    Failure   Level
 Ozocubu's Armour         Ice            0%         N/A       98%         3
 Ozocubu's Refrigeration  Ice            0%         4d5       100%        7


Dungeon Overview and Level Annotations

Branches:
Dungeon (4/15)
 Temple: D:4-7

Altars:
Makhleb


Innate Abilities, Weirdness & Mutations

You cannot be hasted, slowed, berserked, paralysed or teleported.
You can dig through walls and to a lower floor.
You have a pair of large antennae on your head. (SInv)
Your four strong arms can wield two-handed weapons with a shield.


Message History

You barely miss the wight.
The wight is heavily damaged.
The wight hits you with a +0 scimitar.
You feel drained.
You hit the wight but do no damage.
The wight is heavily damaged.
The wight barely misses you.
You closely miss the wight.
The wight is heavily damaged.
The wight hits you with a +0 scimitar. The wight barely misses you.
You closely miss the wight.
The wight is heavily damaged.
The wight hits you but does no damage.
You barely miss the wight.
The wight is heavily damaged.
The wight hits you with a +0 scimitar.
You completely miss the wight.
The wight is heavily damaged.
The wight barely misses you.
You barely miss the wight.
The wight is heavily damaged.
You block the wight's attack.
You hit the wight.
The wight is almost destroyed.
The wight hits you with a +0 scimitar.
You feel drained.
You closely miss the wight.
The wight is severely damaged.
The wight hits you with a +0 scimitar!
* * * LOW HITPOINT WARNING * * *
You feel drained.
* * * LOW HITPOINT WARNING * * *
You hit the wight but do no damage.
The wight is severely damaged.
The wight hits you with a +0 scimitar.
* * * LOW HITPOINT WARNING * * *
You feel drained.
* * * LOW HITPOINT WARNING * * *
You completely miss the wight.
The wight is severely damaged.
The wight hits you with a +0 scimitar.
You die...

#.....##.....#......
####.###.##.##.........
...<.# #.........#
####.# #.##.###..#
#.....##.###..#
###...........#
######.##...#
#.##...#####..
#.##..@.......
#.##..z######. # #...#
. #.##...# .z.
.#......###....
...............
.####.......)..
#.#.#####.. #.#.#


You could see a wight.

Vanquished Creatures
  Sigmund (D:3)
  Purgy (D:3)
  An ogre (D:3)
  An orc priest (D:3)
  Terence (D:3)
  Robin (D:1)
  4 adders
  4 gnolls (D:3)
  An adder skeleton (D:4)
  2 worms
  2 dart slugs
  8 orcs
  5 ball pythons
  7 bats
  6 endoplasms
  3 giant cockroaches (D:2)
  14 goblins
  13 hobgoblins
  5 kobolds
  6 quokkas
  5 frilled lizards
  8 rats
99 creatures vanquished.

Notes
Turn   | Place    | Note
-------+----------+-------------------------------------------
     0 | D:1      | heikuro the Formicid Fighter began the quest for the Orb.
     0 | D:1      | Reached XP level 1. HP: 18/18 MP: 1/1
   161 | D:1      | Reached XP level 2. HP: 24/24 MP: 2/2
   522 | D:1      | Reached XP level 3. HP: 23/29 MP: 3/3
   616 | D:1      | Noticed an orange demon
   622 | D:1      | Found a faded altar of an unknown god.
  1242 | D:2      | Identified the -1 helmet "Ubafusacu" {rElec rC+}
  1242 | D:2      | Noticed Robin
  1735 | D:1      | Killed Robin
  1736 | D:1      | Reached XP level 4. HP: 37/37 MP: 4/4
  2645 | D:3      | Reached XP level 5. HP: 42/42 MP: 5/5
  2743 | D:3      | Noticed Purgy
  2754 | D:3      | Killed Purgy
  2755 | D:3      | Reached XP level 6. HP: 29/48 MP: 6/6
  3085 | D:3      | Noticed an ogre
  3094 | D:3      | Killed an ogre
  3570 | D:3      | Reached skill level 5 in Shields
  3726 | D:3      | HP: 1/49 [orc priest/divine providence (15)]
  3728 | D:3      | Reached XP level 7. HP: 1/55 MP: 7/7
  4158 | D:1      | Became a worshipper of Makhleb the Destroyer
  4158 | D:1      | Reached * piety under Makhleb
  4449 | D:3      | Noticed Terence
  4460 | D:3      | Killed Terence
  4618 | D:3      | Noticed Sigmund
  4633 | D:3      | Killed Sigmund
  4634 | D:3      | Reached skill level 5 in Long Blades
  4634 | D:3      | Reached skill level 1 in Invocations
  5136 | D:4      | Slain by a wight

Illustrated notes

Levels and vault maps discovered:
D:1:      dpeg_arrival_refuge, layout_loops_corners,
          dreamdust_ecumenical_altar_sealed_demon
D:2:      layout_basic, guppyfry_early_orc_mine, uniq_robin
D:3:      minmay_angry_zag, layout_basic, minmay_checkerbox, uniq_sigmund,
          uniq_purgy, uniq_terence
D:4:      layout_loops_ring, kennysheep_little_box, minmay_temple_entry_hall,
          chequers_serial_rivers_small_b, roderic_serpentine_path,
          corexii_checkpoint_a, uniq_edmund

Skill      XL: |  1  2  3  4  5  6  7 |
---------------+----------------------+-----
Shields        | 4 5 |  5.4
Long Blades    | 3 4 5 |  5.1
Fighting       | 4 |  4.9
Armour         | 4 |  4.9
Invocations    | 1 |  1.3

Action                   |  1- 3 |  4- 6 |  7- 9 || total
-------------------------+-------+-------+-------++-------
Melee: Long sword        |   103 |   142 |    65 ||   310
 Abil: Dig               |       |     2 |       ||     2
Evoke: Wand              |       |       |     3 ||     3
  Use: Potion            |       |     2 |       ||     2
Armor: Scale mail        |    51 |    65 |    28 ||   144
Dodge: Dodged            |    51 |    64 |    28 ||   143
Block: Buckler           |    18 |    34 |    14 ||    66

Table legend: (Time is in decaauts)
 A = Elapsed time spent in this place.
 B = Non-inter-level travel time spent in this place.
 C = Inter-level travel time spent in this place.
 D = Time resting spent in this place.
 E = Time spent auto-exploring this place.
 F = Levels seen in this place.
 G = Mean time per level.
                   A        B        C        D        E       F      G
               +--------+--------+--------+--------+--------+-----+--------+
         Total |   5213 |   4881 |    332 |   1257 |   2620 |   4 | 1303.2 |
       Dungeon |   5213 |   4881 |    332 |   1257 |   2620 |   4 | 1303.2 |
               +--------+--------+--------+--------+--------+-----+--------+

Top non-repeatable levels by time:
     D:3: 2149 daAuts
     D:1: 1619 daAuts
     D:2: 1244 daAuts
     D:4: 200 daAuts
